Map: 2000 Atmospheres LE

Players

BlyOnFire (Bly)

  • Race: Zerg Zerg

Krystianer - Winner!

  • Race: Protoss Protoss
  • League: Grandmaster

Event: DreamHack SC2 Masters 2021 Summer

VOD

Have the link to the VOD?

Description

Time

  • Played on: May 27, 2021, 10:42 a.m.
  • Length: 20:13

All games in this series

Show
View Real Time Build Order
Export as new Build Order

BlyOnFire Zerg 

Build Orders: Hatch First 

Get SALT Encoding   

  12  0:00  Drone  
  13  0:14  Overlord  
  13  0:18  Drone  
  14  0:32  Drone x2  
  16  0:47  Hatchery  
  15  0:51  Drone  
  15  0:54  Drone  
  17  0:58  Drone  
  18  1:07  Extractor  
  17  1:13  Spawning Pool  
  17  1:16  Drone  
  17  1:23  Drone  
  18  1:30  Drone  
  19  1:41  Drone  
  20  1:52  Overlord  
  20  2:00  Zergling x2  
  21  2:01  Queen x2  
  21  2:02  Zergling x2  
  26  2:12  Drone  
  26  2:13  Drone  
  26  2:15  Metabolic Boost  
  28  2:27  Drone x2  
  30  2:38  Queen  
  30  2:42  Hatchery  
  31  2:46  Zergling x4  
  33  2:56  Drone x2  
  33  2:57  Overlord  
  34  3:08  Drone x2  
  36  3:27  Zergling x6  
  36  3:28  Zergling x2  
  36  3:30  Drone x2, Queen  
  36  3:32  Overlord  
  43  3:52  Drone x8  
  51  3:57  Overlord  
  51  4:04  Overlord  
  51  4:13  Overlord x2  
  51  4:14  Queen x2  
  51  4:16  Overlord  
  53  4:25  Roach Warren  
  53  4:26  Drone x5  
  57  4:34  Drone x3  
  57  4:35  Drone x2  
  61  4:47  Overlord  
  61  4:51  Queen  
  65  4:57  Overlord  
  64  5:04  Lair  
  64  5:06  Zergling x10  
  67  5:10  Spore Crawler  
  67  5:11  Drone x4, Spore Crawler  
  67  5:12  Drone x4, Spore Crawler  
  72  5:18  Overlord  
  72  5:19  Drone x3  
  75  5:25  Drone x3  
  78  5:32  Drone x4  
  78  5:34  Extractor x2  
  78  5:35  Extractor  
  78  5:36  Drone x3  
  78  5:41  Queen x2  
  85  5:45  Drone x2  
  87  5:54  Drone x4  
  87  5:55  Drone x2  
  93  6:04  Drone x7  
  99  6:09  Extractor x2, Hydralisk Den  
  96  6:14  Overlord  
  96  6:17  Overlord  
  95  6:22  Overlord  
  95  6:24  Drone x2  
  96  6:26  Overlord  
  96  6:30  Drone  
  96  6:31  Drone x3  
  100  6:38  Muscular Augments  
  97  6:40  Hatchery, Overlord  
  97  6:44  Hydralisk x5  
  105  6:59  Hydralisk x5  
  113  7:05  Hydralisk x2  
  113  7:06  Hydralisk  
  117  7:12  Queen x3  
  119  7:20  Hydralisk x4  
  127  7:34  Drone x5  
  132  7:49  Grooved Spines, Hydralisk x6  
  142  7:52  Spore Crawler  
  142  7:57  Drone x8  
  149  8:03  Spore Crawler  
  149  8:05  Extractor  
  147  8:07  Infestation Pit  
  145  8:14  Drone x9  
  145  8:19  Overlord  
  151  8:33  Hydralisk  
  151  8:34  Hydralisk x8  
  156  8:50  Extractor  
  156  8:52  Hydralisk x2  
  156  8:53  Hydralisk x4  
  167  8:58  Overlord  
  167  9:03  Overlord x3  
  167  9:04  Overlord  
  167  9:05  Overlord  
  167  9:07  Overlord  
  167  9:10  Hatchery  
  166  9:18  Lair  
  166  9:19  Hatchery  
  165  9:31  Infestor x2  
  165  9:35  Zergling x28  
  165  9:37  Baneling Nest  
  182  9:45  Evolution Chamber  
  181  9:48  Evolution Chamber  
  181  9:50  Zergling x12  
  163  10:12  Hydralisk x6  
  174  10:21  Centrifical Hooks, Hive  
  170  10:24  Spire  
  158  10:37  Roach x7  
  158  10:38  Glial Reconstitution  
  158  10:42  Roach x3  
  177  10:49  Baneling x2  
  175  10:50  Baneling x2  
  175  10:54  Roach x4  
  183  11:10  Spore Crawler  
  182  11:12  Ravager, Spore Crawler  
  182  11:13  Ravager x5  
  185  11:24  Hydralisk x6  
  182  11:38  Roach  
  182  11:39  Roach x5  
  185  11:40  Hatchery  
  172  11:57  Tunneling Claws  
  172  11:58  Hatchery  
  167  12:02  Infestor  
  167  12:07  Hatchery  
  168  12:08  Hatchery  
  168  12:14  Zergling x14  
  174  12:22  Drone x3, Spine Crawler  
  176  12:23  Spine Crawler x2  
  143  12:44  Hydralisk  
  143  12:45  Hydralisk, Roach  
  143  12:46  Roach  
  146  12:59  Zerg Missile Weapons Level 1, Zerg Ground Armor Level 1  
  146  13:03  Drone x8  
  140  13:26  Spore Crawler  
  140  13:27  Hydralisk x10  
  157  13:39  Burrow  
  151  13:45  Hatchery, Infestation Pit  
  149  13:58  Drone x12  
  149  14:00  Extractor x2, Spore Crawler  
  158  14:06  Queen x2  
  162  14:12  Viper x2  
  162  14:15  Ravager x2  
  162  14:16  Ravager x2  
  172  14:25  Roach x5  
  174  14:40  Roach x9  
  190  14:58  Roach  
  190  14:59  Roach x2  
  192  15:00  Roach x7  
  192  15:02  Roach  
  192  15:09  Roach x4  
  192  15:14  Roach x9  
  199  15:19  Drone x15  
  192  15:22  Roach x6  
  196  15:31  Roach x2  
  196  15:33  Roach x2  
  196  15:44  Hatchery  
  196  15:45  Roach x3  
  196  15:48  Infestor  
  196  15:49  Infestor  
  193  16:12  Infestor  
  193  16:17  Roach  
  189  16:23  Zerg Ground Armor Level 2, Roach x7  
  189  16:24  Zerg Missile Weapons Level 2, Roach x2  
  189  16:25  Roach x2  
  199  16:26  Roach x2  
  199  16:27  Roach  
  199  16:29  Overlord  
  199  16:30  Overlord  
  199  16:32  Roach x2  
  189  16:42  Hydralisk Den  
  173  16:55  Roach x5  
  165  17:03  Drone x9, Ultralisk Cavern  
  149  17:25  Hatchery  
  149  17:29  Hatchery  
  143  17:35  Spine Crawler  
  143  17:36  Spine Crawler x2  
  140  17:38  Roach x9  
  148  17:53  Roach x3  
  148  17:57  Roach  
  154  18:04  Roach x3  
  142  18:17  Hatchery  
  139  18:23  Roach  
  139  18:25  Drone x9  
  148  18:34  Hatchery  
  145  18:41  Roach x6  
  157  18:49  Infestor x4  
  165  18:56  Roach x3  
  165  18:58  Roach x7  
  165  19:19  Pneumatized Carapace  
  165  19:21  Hydralisk, Ravager x6  
  165  19:22  Hydralisk x5  
Show
View Real Time Build Order
Export as new Build Order

Krystianer Protoss - Winner!

Build Orders: 1 Gate Expand, Carriers 

Get SALT Encoding   

  12  0:00  Probe  
  13  0:12  Probe  
  14  0:17  Pylon  
  14  0:24  Probe (Chrono Boost)  
  16  0:37  Probe (Chrono Boost), Gateway  
  16  0:42  Probe (Chrono Boost)  
  16  0:45  Assimilator  
  17  0:51  Probe  
  18  1:03  Probe  
  19  1:16  Probe  
  20  1:23  Nexus  
  20  1:32  Cybernetics Core  
  20  1:36  Probe  
  21  1:41  Assimilator  
  21  1:48  Probe  
  21  1:51  Pylon  
  22  2:00  Probe  
  23  2:07  Adept (Chrono Boost)  
  23  2:12  Probe  
  26  2:15  Stargate  
  26  2:25  Probe (Chrono Boost)  
  26  2:29  Adept  
  29  2:30  Warp Gate  
  29  2:36  Probe (Chrono Boost)  
  31  2:38  Probe (Chrono Boost)  
  32  2:44  Probe (Chrono Boost)  
  32  2:45  Probe (Chrono Boost)  
  32  2:50  Probe (Chrono Boost)  
  32  2:51  Probe  
  33  2:56  Void Ray (Chrono Boost)  
  34  3:02  Probe  
  34  3:03  Probe  
  39  3:14  Probe  
  39  3:15  Probe  
  41  3:20  Pylon  
  41  3:21  Gateway  
  41  3:26  Probe  
  42  3:27  Probe  
  43  3:34  Assimilator  
  43  3:36  Assimilator  
  43  3:38  Probe  
  43  3:39  Probe  
  45  3:47  Pylon  
  45  3:50  Probe  
  45  3:51  Probe  
  45  3:55  Stargate  
  48  4:02  Probe  
  48  4:03  Probe, Fleet Beacon  
  49  4:14  Probe  
  49  4:16  Probe  
  51  4:18  Adept  
  51  4:22  Pylon  
  53  4:27  Probe  
  53  4:28  Probe  
  55  4:33  Nexus  
  55  4:40  Probe  
  57  4:47  Tempest (Chrono Boost)  
  57  4:48  Tempest (Chrono Boost)  
  66  4:53  Probe  
  66  4:54  Probe  
  68  5:00  Pylon  
  68  5:05  Probe  
  68  5:06  Probe  
  70  5:14  Void Ray (Chrono Boost)  
  70  5:15  Void Ray (Chrono Boost)  
  78  5:36  Pylon  
  78  5:44  Probe (Chrono Boost), Void Ray (Chrono Boost)  
  78  5:47  Shield Battery  
  81  5:50  Probe x2 (Chrono Boost)  
  81  5:52  Void Ray (Chrono Boost)  
  81  5:54  Probe (Chrono Boost)  
  91  5:57  Zealot  
  91  5:58  Probe (Chrono Boost)  
  91  6:00  Forge  
  91  6:01  Probe  
  91  6:03  Assimilator  
  94  6:07  Assimilator  
  94  6:09  Pylon  
  94  6:14  Probe, Pylon  
  94  6:15  Probe x2  
  97  6:18  Void Ray (Chrono Boost)  
  101  6:27  Probe  
  101  6:28  Zealot  
  101  6:29  Probe, Void Ray (Chrono Boost)  
  109  6:44  Probe  
  109  6:45  Void Ray (Chrono Boost)  
  110  6:50  Zealot x2, Pylon  
  116  6:57  Probe  
  116  6:59  Void Ray (Chrono Boost)  
  121  7:13  Pylon, Void Ray (Chrono Boost)  
  121  7:14  Gateway  
  121  7:15  Gateway  
  125  7:27  Twilight Council  
  125  7:31  Zealot x2  
  125  7:33  Photon Cannon  
  125  7:34  Probe, Shield Battery  
  125  7:35  Flux Vanes  
  130  7:37  Pylon  
  130  7:39  Pylon  
  130  7:46  Probe, Void Ray x2 (Chrono Boost)  
  131  7:55  Zealot  
  141  7:59  Protoss Ground Weapons Level 1, Pylon  
  141  8:00  Pylon  
  141  8:01  Pylon  
  141  8:15  Void Ray x2 (Chrono Boost)  
  141  8:20  Charge (Chrono Boost), Gateway  
  141  8:23  Templar Archives, Gateway, Zealot  
  141  8:24  Gateway  
  141  8:26  Gateway  
  137  8:46  Zealot, Void Ray x2 (Chrono Boost)  
  139  8:50  Protoss Air Weapons Level 1  
  139  8:52  Probe x2  
  139  8:53  Nexus  
  149  9:00  Probe  
  150  9:03  Pylon  
  150  9:04  Probe, Pylon  
  150  9:09  Probe  
  152  9:18  Probe, Pylon  
  152  9:21  Void Ray x2  
  152  9:23  Gateway  
  153  9:24  Gateway  
  153  9:25  Gateway  
  153  9:26  Probe, Gateway  
  162  9:35  Pylon  
  162  9:39  Pylon  
  162  9:40  High Templar x4  
  162  9:41  Zealot x2  
  168  9:45  Archon x2  
  168  9:46  Zealot x2  
  168  9:52  Probe x2  
  164  9:55  Probe  
  156  10:08  Zealot  
  156  10:09  Zealot x3  
  156  10:12  Zealot x3  
  170  10:15  Probe x2  
  170  10:16  Probe  
  170  10:17  Probe  
  174  10:22  Pylon  
  174  10:23  Sentry  
  174  10:26  High Templar x2  
  174  10:27  High Templar x2  
  175  10:30  Probe (Chrono Boost)  
  175  10:31  Probe (Chrono Boost)  
  175  10:34  High Templar x2  
  175  10:35  High Templar x2  
  182  10:36  Probe x2 (Chrono Boost)  
  182  10:39  Archon x2  
  182  10:40  Archon  
  182  10:41  Probe (Chrono Boost), Archon, Zealot x3  
  182  10:42  Probe (Chrono Boost)  
  191  10:44  Probe x2 (Chrono Boost)  
  191  10:46  Assimilator  
  191  10:47  Assimilator  
  191  10:49  Probe  
  190  10:51  Probe, Zealot  
  190  10:54  Probe, Robotics Facility  
  195  11:02  Zealot  
  195  11:03  Zealot  
  188  11:29  Zealot x4  
  188  11:31  Zealot x4  
  188  11:32  Probe  
  193  11:45  Protoss Ground Armor Level 1 (Chrono Boost)  
  187  12:02  Zealot  
  187  12:03  Zealot x5  
  199  12:11  Robotics Facility  
  199  12:13  Robotics Facility  
  199  12:17  Robotics Bay  
  199  12:27  Nexus  
  185  12:38  Zealot  
  185  12:39  Zealot  
  185  12:40  Zealot x5  
  193  12:51  Zealot x2  
  195  13:00  Colossus (Chrono Boost)  
  195  13:01  Colossus (Chrono Boost)  
  195  13:02  Zealot x4  
  199  13:11  Colossus (Chrono Boost)  
  189  13:15  Zealot x3  
  189  13:16  Probe x2  
  182  13:20  Probe  
  182  13:21  Zealot  
  182  13:25  Probe  
  186  13:28  Probe x2  
  186  13:29  Extended Thermal Lance  
  186  13:30  High Templar x4  
  186  13:32  Zealot x2  
  200  13:35  Pylon  
  200  13:42  Archon x2  
  200  13:51  Protoss Ground Weapons Level 2, Warp Prism (Chrono Boost)  
  200  14:00  Blink (Chrono Boost)  
  200  14:07  Assimilator  
  200  14:11  Assimilator  
  191  14:32  Zealot x5  
  199  14:43  Pylon  
  199  14:45  Observer (Chrono Boost), Photon Cannon  
  200  14:46  Photon Cannon  
  200  14:48  Photon Cannon  
  200  14:49  Shield Battery  
  200  14:52  Stargate  
  200  14:54  Stargate  
  200  14:56  Stargate  
  196  15:13  Nexus  
  196  15:21  Zealot x3  
  193  15:24  Zealot x3  
  193  15:28  Photon Cannon  
  193  15:30  Photon Cannon  
  193  15:32  Zealot x3  
  193  15:34  Photon Cannon  
  189  15:37  Photon Cannon  
  189  15:38  Carrier  
  194  15:47  Zealot x3  
  200  15:50  Protoss Air Weapons Level 2 (Chrono Boost)  
  200  15:51  Pylon  
  200  15:53  Assimilator  
  190  15:58  Assimilator  
  190  16:01  Zealot  
  190  16:02  Zealot  
  193  16:07  Probe, Stalker  
  196  16:11  Disruptor (Chrono Boost)  
  199  16:47  Zealot x4  
  193  16:49  Observer (Chrono Boost)  
  192  16:55  Stalker  
  192  16:56  Zealot, Stalker x3  
  195  17:04  Zealot  
  195  17:05  Probe x2  
  195  17:07  Probe  
  194  17:15  Probe  
  194  17:19  Carrier (Chrono Boost)  
  196  17:31  Zealot x2  
  198  17:45  Psionic Storm  
  198  17:46  Carrier x3 (Chrono Boost)  
  185  17:55  Probe x2  
  185  17:56  Probe x2  
  177  17:59  Carrier (Chrono Boost)  
  175  18:07  Protoss Air Armor Level 1 (Chrono Boost)  
  171  18:15  Zealot x3  
  175  18:20  Stalker  
  175  18:21  Carrier (Chrono Boost)  
  175  18:26  Probe x2 (Chrono Boost), High Templar  
  175  18:27  Probe (Chrono Boost), High Templar  
  184  18:28  Probe (Chrono Boost)  
  184  18:30  High Templar x2  
  184  18:31  High Templar, Carrier (Chrono Boost)  
  190  18:39  High Templar  
  198  18:49  Probe  
  195  19:13  Probe  
  195  19:14  Stalker x2  
  200  19:21  Stalker  
  200  19:22  Stalker  
  200  19:23  Stalker  
  199  19:24  Probe  
  199  19:25  Probe  
  199  19:31  Probe x2  
  199  19:34  Probe  
Tags
 
Add a new tag
Caveats
  • Supply blocks, unpowered buildings, or Contaminate may cause inaccurate times.
  • Supply counts are checked every 10 seconds.